 Dungeon Crawl Stone Soup version 0.22-a0-609-gfedc9ff (webtiles) character file.

84 demenzo the Chopper (level 4, -3/40 HPs)
             Began as a Minotaur Chaos Knight on July 10, 2018.
             Slain by Sigmund the worm (shapeshifter) (9 damage)
             ... on level 3 of the Dungeon.
             The game lasted 00:03:26 (2091 turns).

demenzo the Chopper (Minotaur Chaos Knight)         Turns: 2091, Time: 00:03:27

Health: -3/40      AC: 10    Str: 18    XL:     4   Next: 24%
Magic:  3/3        EV: 12    Int:  9    God:    Xom [*.....]
Gold:   105        SH:  0    Dex: 14    Spells: 3/3 levels left

rFire    . . .     SeeInvis .   a - +0 hand axe (chaos)
rCold    . . .     Gourm    .   (no shield)
rNeg     . . .     Faith    .   o - +0 chain mail
rPois    .         Spirit   .   (helmet restricted)
rElec    .         Reflect  .   (no cloak)
rCorr    .         Harm     .   m - +0 pair of gloves
MR       .....                  (no boots)
Stlth    ..........             (no amulet)
HPRegen  0.13/turn              (no ring)
MPRegen  0.08/turn              (no ring)

@: agile, very slightly contaminated, drained, invisible
A: retaliatory headbutt, horns 2
a: Renounce Religion


You were on level 3 of the Dungeon.
You worshipped Xom.
You were a special plaything of Xom.
You were not hungry.

You visited 1 branch of the dungeon, and saw 3 of its levels.

You collected 105 gold pieces.

Inventory:

Hand Weapons
 a - a +0 hand axe of chaos (weapon)
 p - a +4 war axe of electrocution
Missiles
 h - 76 stones (quivered)
Armour
 b - a +2 leather armour
 m - a +0 pair of gloves (worn)
 o - a +0 chain mail (worn)
Scrolls
 d - a scroll of identify
 g - a scroll of amnesia {unknown}
 i - a scroll of teleportation {unknown}
 l - a scroll of immolation {unknown}
 q - a scroll of remove curse
Potions
 j - a potion of invisibility
 k - a potion of lignification {unknown}
 n - a potion of might {unknown}
Comestibles
 c - 5 rations
 f - 6 chunks of flesh


   Skills:
 + Level 4.2(3.4) Fighting
 * Level 4.8(4.0) Axes
 + Level 3.2(2.4) Armour
 + Level 2.1(1.4) Dodging


You had 3 spell levels left.
You didn't know any spells.
Your spell library contained the following spells:

 Spells                   Type           Power        Failure   Level  Hunger
 Confuse                  Hex            #.......     100%        3    ####...
 Confusing Touch          Hex            #.....       99%         1    ##.....
 Metabolic Englaciation   Hex/Ice        #.........   100%        5    ######.
 Petrify                  Tmut/Erth      #.......     100%        4    #####..
 Gell's Gravitas          Tloc           #.........   100%        3    ####...
 Yara's Violent Unravell  Hex/Tmut       #.........   100%        5    ######.


Dungeon Overview and Level Annotations

Branches:
Dungeon (3/15)

Altars:
Dithmenos
Makhleb

Annotations:
D:3 Sigmund


Innate Abilities, Weirdness & Mutations

You reflexively headbutt those who attack you in melee.
You have a pair of horns on your head.


Message History

The quokka is heavily wounded.
You hit the phantom but do no damage.
The phantom seems to speed up.
You closely miss something.
You kill the quokka!
The phantom hits you but does no damage. x2
Something bites you but does no damage.
Unknown command.
Unknown command.
Unknown command.
Unknown command.
Unknown command.
You fade into invisibility!
The phantom barely misses you.
You are very lightly contaminated with residual magic.
You feel agile all of a sudden. The phantom hits you.
* * * LOW HITPOINT WARNING * * *
Something bites you!
You die...
Xom cackles wildly!

#.# #.#
#...........#######.#
#.# #.# #.......###.#
#.. #.# #.#
#....##.###.# ### #..
#.....#.....#
#.......#####
###.......#
........#.#
.#..#...#.#### ..
##@.......#
#W†##..... ..## .....
...# .w... .(...
..... ...... .
..[_... .........


You could see a phantom.

Vanquished Creatures
  Terence (D:2)
  An adder (D:3)
  An ooze (D:3)
  A worm (D:2)
  2 orcs (D:3)
  6 bats
  A giant cockroach (D:2)
  4 goblins (D:1)
  4 hobgoblins
  5 kobolds
  A quokka (D:3)
  3 frilled lizards
  8 rats
38 creatures vanquished.

Notes
Turn   | Place    | Note
-------+----------+-------------------------------------------
     0 | D:1      | demenzo the Minotaur Chaos Knight began the quest for the Orb.
     0 | D:1      | Reached XP level 1. HP: 19/19 MP: 0/0
   156 | D:1      | XOM: divination: detect creatures
   372 | D:1      | Reached XP level 2. HP: 27/27 MP: 1/1
   475 | D:1      | XOM: divination: detect items
   507 | D:1      | XOM: harmless Tloc miscast
   885 | D:2      | XOM: harmless Fire miscast
  1026 | D:2      | XOM: divination: magic mapping
  1045 | D:2      | Noticed Terence
  1093 | D:2      | Killed Terence
  1093 | D:2      | Reached XP level 3. HP: 15/33 MP: 2/2
  1174 | D:2      | XOM: silly message
  1232 | D:2      | XOM: harmless Tloc miscast
  1511 | D:2      | Found a burning altar of Makhleb.
  1657 | D:3      | XOM: stealth player
  1830 | D:3      | XOM: cloud trail
  1971 | D:3      | Reached XP level 4. HP: 40/40 MP: 3/3
  2077 | D:3      | Noticed Sigmund
  2077 | D:3      | Noticed a phantom
  2078 | D:3      | Sigmund changed into Sigmund the worm
  2078 | D:3      | XOM: polymorph Sigmund -> Sigmund the worm
  2080 | D:3      | Found a shadowy altar of Dithmenos.
  2088 | D:3      | XOM: medium Erth miscast
  2091 | D:3      | Slain by Sigmund the worm (shapeshifter)

Vault maps used:
D:1:      dpeg_arrival_arbitrary_a
D:2:      lemuel_coloured_pillars_altar, uniq_terence
D:3:      nicolae_dithmenos_shadow_blocks, uniq_sigmund

Skill      XL: |  1  2 |
---------------+-------+-----
Axes           | 4 |  4.8
Fighting       | 4 |  4.2
Armour         | 3 |  3.2
Dodging        | 2 |  2.1

Action                   |  1- 3 |  4- 6 || total
-------------------------+-------+-------++-------
Melee: Hand axe          |    90 |    14 ||   104
       Headbutt          |    21 |     2 ||    23
  Use: Scroll            |     4 |       ||     4
       Potion            |       |     2 ||     2
 Stab: Petrifying        |     1 |       ||     1
  Eat: Chunk             |     3 |     1 ||     4
Armor: Leather armour    |    27 |       ||    27
       Chain mail        |    16 |     7 ||    23
Dodge: Dodged            |    40 |     4 ||    44

Table legend:
 A = Spawn XP
 B = Non-spawn XP
 C = Spawn XP percentage of total XP
 D = Spawn monster count
 E = Non-spawn monster count
 F = Spawn count percentage of total count
 G = Total turns spent on level
                    A         B        C        D         E        F      G
               +---------+---------+-------+---------+---------+-------+---------
         Total |       0 |     121 |   0.0 |       0 |      38 |   0.0 |  2091
               +---------+---------+-------+---------+---------+-------+---------
           D:1 |       0 |      20 |   0.0 |       0 |      12 |   0.0 |   690
           D:2 |       0 |      60 |   0.0 |       0 |      12 |   0.0 |   967
           D:3 |       0 |      41 |   0.0 |       0 |      14 |   0.0 |   434
               +---------+---------+-------+---------+---------+-------+---------
